 Dungeon Crawl Stone Soup version 0.28-a0-695-gff097466f2 (webtiles) character file.

Game seed: 14006290922302249348

1692189 qnok the Ruinous (level 27, 211/211 HPs)
             Began as a Naga Fire Elementalist on Oct 19, 2021.
             Was the Champion of Nemelex Xobeh.
             Escaped with the Orb
             ... and 3 runes on Oct 22, 2021!
             The game lasted 18:12:07 (74958 turns).

qnok the Ruinous (Naga Fire Elementalist)          Turns: 74958, Time: 18:12:07

Health: 211/211    AC: 41    Str: 28    XL:     27
Magic:  43/43      EV:  8    Int: 37    God:    Nemelex Xobeh [******]
Gold:   2312       SH: 25    Dex:  8    Spells: 26/68 levels left

rFire   + + .      SeeInvis +   W - +3 flail "Boydikad" {venom, rCorr Str+6 Int+5}
rCold   + + +      Faith    .   O - +8 tower shield {rC+}
rNeg    + + .      Spirit   .   h - +5 pearl dragon scales of the Cockatrice {Contam +Inv rElec rN+ Stlth+}
rPois   +          Reflect  .   (helmet restricted)
rElec   +          Harm     .   i - +2 cloak "Maybrez" {rN+ Str+2}
rCorr   +          Rampage  .   I - +0 pair of gloves of the Moon {Will++}
Will    +++++                   D - +4 barding {Stlth+}
Stlth   +++.......              n - amulet of magic regeneration
HPRegen 0.45/turn               K - ring of Ocedigod {+Blink rF+ rC++ rCorr Dex-3}
MPRegen 0.53/turn               r - ring of Xeucebics {Fire Str+6 Int+4}

@: studying 3 skills, very slow
A: AC +9, large, see invisible, deformed body, poison resistance, slowness 2,
spit poison 1, naga tail 2, horns 1, clever 1, cold resistance 1, low mp 1,
subdued magic 1
0: Orb of Zot
}: 3/15 runes: barnacled, silver, gossamer
a: Spit Poison, Renounce Religion, Evoke Blink, Evoke Invisibility, Draw Escape,
Draw Destruction, Draw Summoning, Draw Stack, Triple Draw, Deal Four, Stack Five


You escaped.
You worshipped Nemelex Xobeh.
Nemelex Xobeh was exalted by your worship.
You visited 12 branches of the dungeon, and saw 53 of its levels.
You visited 1 ziggurat, and saw 11 of its levels.
You also visited: Trove, Gauntlet, Ice Cave and Volcano.

You collected 10184 gold pieces.
You spent 7872 gold pieces at shops.

Inventory:

Hand Weapons
 W - the +3 flail "Boydikad" (weapon) {venom, rCorr Str+6 Int+5}
   (You found it in a Gauntlet)

   It poisons the flesh of those it strikes.
   Str:       It affects your strength (+6).
   Int:       It affects your intelligence (+5).
   rCorr:     It protects you from acid and corrosion.
 Y - a +9 vorpal hand crossbow
Missiles
 l - 1698 bolts
 U - 14 throwing nets
Armour
 h - the +5 pearl dragon scales of the Cockatrice (worn) {Contam +Inv rElec rN+ Stlth+}
   (You found it on level 8 of a ziggurat)

   rElec:     It insulates you from electricity.
   rN:        It protects you from negative energy.
   +Inv:      It lets you turn invisible.
   Contam:    It causes magical contamination when unequipped.
   Stlth:     It makes you more stealthy.
 i - the +2 cloak "Maybrez" (worn) {rN+ Str+2}
   (You acquired it on level 2 of the Elven Halls)

   Str:       It affects your strength (+2).
   rN:        It protects you from negative energy.
 D - a +4 barding of stealth (worn)
 I - the +0 pair of gloves of the Moon (worn) {Will++}
   (You found it on level 2 of the Elven Halls)

   Will:      It greatly increases your willpower.
 J - the +2 helmet of the Blizzard {Rampage Regen+ Dex+4}
   (You found it in a Gauntlet)

   Dex:       It affects your dexterity (+4).
   Regen:     It increases your rate of health regeneration.
   Rampage:   It bestows one free step when moving towards enemies.
 O - a +8 tower shield of cold resistance (worn)
Jewellery
 n - an amulet of magic regeneration (around neck)
 r - the ring of Xeucebics (right hand) {Fire Str+6 Int+4}
   (You acquired it on level 2 of the Orcish Mines)

   [ring of fire]

   It enhances your fire magic.
   Str:       It affects your strength (+6).
   Int:       It affects your intelligence (+4).
   rF:        It protects you from fire.
   rC:        It makes you vulnerable to cold.
 K - the ring of Ocedigod (left hand) {+Blink rF+ rC++ rCorr Dex-3}
   (You took it off a gnoll sergeant on level 6 of the Dungeon)

   [ring of protection from fire]

   Dex:       It affects your dexterity (-3).
   rF:        It protects you from fire.
   rC:        It greatly protects you from cold.
   +Blink:    It lets you blink.
   rCorr:     It protects you from acid and corrosion.
 N - the ring "Jegibej" {Wiz Fly}
   (You found it on level 3 of the Crypt)

   [ring of wizardry]

   It improves your spell success rate.
   Fly:       It grants you flight.
Wands
 e - a wand of digging (51)
 t - a wand of acid (21)
 C - a wand of mindburst (79)
 G - a wand of flame (57) (quivered)
 L - a wand of paralysis (52)
 M - a wand of iceblast (65)
Scrolls
 b - 8 scrolls of fog
 g - 4 scrolls of summoning
 k - 2 scrolls of amnesia
 m - 4 scrolls of silence
 v - 3 scrolls of holy word
 A - 4 scrolls of blinking
 E - 6 scrolls of magic mapping
 F - 30 scrolls of teleportation
 H - 7 scrolls of immolation
 Q - 7 scrolls of noise
Potions
 a - a potion of resistance
 c - 20 potions of curing
 d - a potion of ambrosia
 f - 5 potions of mutation
 j - 7 potions of cancellation
 q - 9 potions of flight
 u - 7 potions of heal wounds
 z - 4 potions of brilliance
 B - 4 potions of haste
 R - 3 potions of magic
 T - 5 potions of might
Miscellaneous
 p - a tin of tremorstones (2/2)
 x - a phantom mirror
 y - a lightning rod (4/4)
 S - a condenser vane
 X - a box of beasts


   Skills:
 - Level 6.0 Fighting
 - Level 8.0 Maces & Flails
 - Level 3.0 Crossbows
 + Level 15.1 Armour
 - Level 10.0 Dodging
 - Level 22.0 Stealth
 - Level 15.0 Shields
 + Level 21.3 Spellcasting
 + Level 23.2 Conjurations
 - Level 5.0 Translocations
 - Level 3.0 Transmutations
 + Level 22.9 Fire Magic
 - Level 5.0 Earth Magic
 - Level 11.0 Poison Magic
 - Level 11.0 Invocations
 - Level 8.0 Evocations


You had 26 spell levels left.
You knew the following spells:

 Your Spells              Type           Power      Damage    Failure   Level
a - Foxfire               Conj/Fire      100%       2x1d9     0%          1
b - Scorch                Fire           100%       2d10      0%          2
c - Flame Wave            Conj/Fire      100%       3d16      0%          4
d - Olgreb's Toxic Radia  Pois           75%        N/A       1%          4
e - Starburst             Conj/Fire      63%        6d17      0%          6
f - Blink                 Tloc           N/A        N/A       1%          2
g - Passwall              Tmut/Erth      43%        N/A       1%          2
h - Fire Storm            Conj/Fire      63%        8d16      9%          9
i - Orb of Destruction    Conj           52%        9d16      1%          7
j - Fireball              Conj/Fire      63%        3d24      0%          5

Your spell library contained the following spells:

 Spells                   Type           Power      Damage    Failure   Level
 Static Discharge         Conj/Air       77%        N/A       0%          2
 Conjure Flame            Conj/Fire      100%       6-21      0%          3
 Dazzling Flash           Conj/Hex       100%       N/A       0%          3
 Ignite Poison            Fire/Tmut/Pois 100%       N/A       0%          3
 Stone Arrow              Conj/Erth      100%       3d13      0%          3
 Sticky Flame             Conj/Fire      100%       2d11      0%          4
 Iskenderun's Battlesphe  Conj           100%       2d15      0%          5
 Apportation              Tloc           100%       N/A       1%          1
 Freeze                   Ice            100%       1d11      1%          1
 Sandblast                Erth           100%       2d20      1%          1
 Sting                    Tmut/Pois      100%       1d8       1%          1
 Summon Small Mammal      Summ           100%       N/A       1%          1
 Corpse Rot               Necr/Air       60%        N/A       1%          2
 Ensorcelled Hibernation  Hex/Ice        60%        N/A       1%          2
 Poisonous Vapours        Pois/Air       100%       N/A       1%          2
 Slow                     Hex            30%        N/A       1%          2
 Sublimation of Blood     Necr           15%        N/A       1%          2
 Wereblood                Tmut           47%        N/A       1%          2
 Gell's Gravitas          Tloc           28%        N/A       1%          3
 Inner Flame              Hex/Fire       97%        N/A       1%          3
 Lesser Beckoning         Tloc           56%        N/A       1%          3
 Portal Projectile        Hex/Tloc       88%        N/A       1%          3
 Spider Form              Tmut/Pois      31%        N/A       1%          3
 Teleport Other           Tloc           56%        N/A       1%          3
 Hailstorm                Conj/Ice       77%        3d16      1%          4
 Iskenderun's Mystic Bla  Conj/Tloc      84%        2d17      1%          4
 Passage of Golubria      Tloc           56%        N/A       1%          4
 Petrify                  Tmut/Erth      52%        N/A       1%          4
 Alistair's Intoxication  Tmut/Pois      42%        N/A       1%          5
 Freezing Cloud           Conj/Ice/Air   32%        6-21      1%          5
 Irradiate                Conj/Tmut      40%        3d27      1%          5
 Conjure Ball Lightning   Conj/Air       38%        3x3d12    1%          6
 Call Canine Familiar     Summ           30%        N/A       2%          3
 Confusing Touch          Hex            30%        N/A       2%          3
 Frozen Ramparts          Ice            60%        1d8       2%          3
 Ozocubu's Armour         Ice            30%        N/A       2%          3
 Summon Guardian Golem    Hex/Summ       30%        N/A       2%          3
 Swiftness                Air            30%        N/A       2%          3
 Tukima's Dance           Hex            30%        N/A       2%          3
 Vampiric Draining        Necr           15%        2d8       2%          3
 Animate Armour           Summ/Erth      88%        N/A       3%          4
 Manifold Assault         Tloc           56%        N/A       3%          5
 Ice Form                 Ice/Tmut       38%        N/A       5%          4
 Spellforged Servitor     Conj/Summ      38%        N/A       8%          7
 Blade Hands              Tmut           23%        N/A       9%          5
 Eringya's Noxious Bog    Tmut/Pois      31%        N/A       9%          6
 Animate Dead             Necr           15%        N/A       11%         4
 Cause Fear               Hex            15%        N/A       11%         4
 Dispel Undead            Necr           30%        3d14      11%         4
 Summon Ice Beast         Ice/Summ       30%        N/A       11%         4
 Borgnjor's Vile Clutch   Necr/Erth      22%        N/A       11%         5
 Summon Forest            Summ/Tloc      22%        N/A       11%         5
 Yara's Violent Unravell  Hex/Tmut       19%        3d9       16%         5
 Dispersal                Tloc           28%        N/A       22%         6
 Lehudib's Crystal Spear  Conj/Erth      42%        10d10     22%         8
 Agony                    Necr           30%        N/A       30%         5
 Metabolic Englaciation   Hex/Ice        15%        N/A       30%         5
 Summon Mana Viper        Hex/Summ       30%        N/A       30%         5
 Statue Form              Tmut/Erth      34%        N/A       32%         6
 Death Channel            Necr           15%        N/A       87%         6
 Invisibility             Hex            15%        N/A       87%         6
 Simulacrum               Ice/Necr       15%        N/A       87%         6
 Summon Cactus Giant      Summ           15%        N/A       87%         6
 Dragon Form              Tmut           23%        N/A       96%         7
 Malign Gateway           Summ/Tloc      22%        N/A       98%         7
 Storm Form               Tmut/Air       19%        N/A       99%         7
 Monstrous Menagerie      Summ           15%        N/A       100%        7
 Summon Hydra             Summ           15%        N/A       100%        7
 Discord                  Hex            15%        N/A       100%        8
 Disjunction              Tloc           28%        N/A       100%        8
 Necromutation            Tmut/Necr      19%        N/A       100%        8
 Summon Horrible Things   Summ           15%        N/A       100%        8
 Chain Lightning          Conj/Air       38%        3d51      100%        9
 Polar Vortex             Ice            15%        N/A       100%        9
 Shatter                  Erth           28%        3d23*     100%        9


Dungeon Overview and Level Annotations

Branches:
Dungeon (15/15)            Temple (1/1) D:4            Lair (6/6) D:8
 Shoals (4/4) Lair:4       Spider (4/4) Lair:2        Slime (0/5) Lair:6
    Orc (2/2) D:10            Elf (3/3) Orc:2        Vaults (5/5) D:14
  Crypt (3/3) Vaults:2       Tomb (0/3) Crypt:3      Depths (4/4) D:15
   Hell (visited)             Dis (0/7) Hell            Geh (0/7) Hell
    Coc (0/7) Hell            Tar (0/7) Hell            Zot (5/5) Depths:4
  IceCv (visited)         Volcano (visited)         Gauntlet (visited)

Altars:
Ashenzari
Cheibriados
Dithmenos
Elyvilon
Fedhas
Gozag
Hepliaklqana
Kikubaaqudgha
Makhleb
Nemelex Xobeh
Okawaru
Qazlal
Ru
Sif Muna
Trog
Uskayaw
Vehumet
Wu Jian
Xom
Yredelemnul
Zin
The Shining One
Jiyva
Lugonu

Shops:
Orc:2 ?:[*   Elf:1 !   Elf:3 (   Shoals:4 :*   Vaults:1 (   Vaults:5 !?
Depths:3 !*:[

Portals:
Hell: Depths:1 Depths:2 Depths:3 Depths:4
Abyss: Depths:1 Depths:3 Depths:4
Pandemonium: Depths:2


Innate Abilities, Weirdness & Mutations

Your serpentine skin is tough. (AC +9)
You have supernaturally acute eyesight. (SInv)
Armour fits poorly on your strangely shaped body.
Your system is resistant to poisons. (rPois)
You cover ground very slowly.
You can spit poison.
You can use your snake-like lower body to constrict enemies.
You have a pair of small horns on your head.
Your mind is acute. (Int +2)
Your flesh is cold resistant. (rC+)
Your magical capacity is low. (-10% MP)
Your spells are a little easier to cast, but a little less powerful.


Message History

There is a stone staircase leading up here.
You climb upwards.
There is a stone staircase leading down here.
Welcome back, qnok the Naga Fire Elementalist.
Nemelex Xobeh says: It's all in the cards!
Press ? for a list of commands and other information.
Unknown command.
You feel yourself speed up.
You feel protected.
Unknown command.
A tormentor comes into view.
The tormentor moves out of view.
Cast which spell? (? or * to list)
Aiming: Passwall (safe; 1% risk of failure)
Press: ? - help, Dir - move target A rock wall.
This square is covered in magical glow.
You begin to meditate on the wall.
You continue meditating on the rock. x3
Magic restored.
You finish merging with the rock.
Your extra speed is starting to run out.
You start to feel less resistant.
Casting: Passwall (safe; 1% risk of failure)
Confirm with . or Enter, or press ? or * to list all spells.
Aiming: Passwall (safe; 1% risk of failure)
Press: ? - help, Dir - move target A rock wall.
This square is covered in magical glow.
You begin to meditate on the wall.
You continue meditating on the rock. x2
You finish merging with the rock.
You feel yourself slow down.
Your resistance to elements expires.
There is a staircase leading out of the dungeon here.
Really quaff the potion of mutation?
You feel extremely strange. The barb on your tail disappears.
You feel healthier.
You feel more energetic.
You feel less energetic.
You feel clever.
You can't go down here!
Unknown command.
You have escaped!

####### #...'@#
####### #.#.#.#
#.....# #.#.#.#
####.###.###
#.#.#.#####...........
#.#.#.#........###....
#.#.#.#........÷.[....
#.#.#.#..#.....#>.....
#.#.#.#..........)....
#.#.#.#........#.###..


There were no monsters in sight!

Vanquished Creatures
  5 dread liches (Zot:5)
  4 orbs of fire (Zot:5)
  The ghost of Ufemuhich the Conqueror, a legendary MiBe of Trog (Zot:4)
  3 ancient liches
  Mara (Spider:3)
  Mennas (Vaults:3)
  A royal mummy (Zig:10)
  The ghost of Vecvo the Warrior, a veteran GrFi of the Shining One (Crypt:2)
  3 Killer Klowns
  4 curse toes
  9 golden dragons
  Geryon (Hell)
  Xtahua (Crypt:3)
  A profane servitor (Crypt:2)
  Arachne (Spider:4)
  2 bone dragons
  2 electric golems (Zot:5)
  2 spectral shard shrikes (Crypt:3)
  A doom hound (Zig:6)
  Jorgrun (D:15)
  4 Ice Fiends
  A searing wretch (Zig:3)
  2 liches
  A tainted leviathan (Zig:6)
  5 titans
  25 Orb Guardians
  18 tentacled monstrosities
  3 deep elf blademasters
  3 deep elf master archers
  The ghost of Sajuapom the Severer, an adept MiFi of Gozag (Spider:3)
  Murray (Hell)
  8 quicksilver dragons
  6 sphinxes
  4 ancient champions (Crypt:2)
  The ghost of BlueGoblin the Intangible, an adept SpMo of Ru (Depths:3)
  9 death cobs
  6 tengu reavers
  Polyphemus (Shoals:2)
  10 draconian monks
  16 storm dragons
  Kirke (Lair:4)
  14 shadow dragons
  An azure jelly (Zig:11)
  5 revenants
  A fenstrider witch (shapeshifter) (Vaults:5)
  7 draconian knights
  13 fire giants
  An iron dragon (Vaults:5)
  7 draconian scorchers
  12 frost giants
  4 balrugs
  2 narguns (Zig:11)
  2 quicksilver elementals (Zig:5)
  Louise (D:15)
  3 deep elf sorcerers
  7 ghost moths
  A cacodemon (Depths:3)
  18 vault wardens
  5 curse skulls
  8 draconian stormcallers
  7 emperor scorpions
  7 reapers
  9 draconian shifters
  An orc warlord (Orc:2)
  2 juggernaut zombies
  4 draconian annihilators
  A shard shrike simulacrum (Crypt:3)
  8 deep elf elementalists
  6 ghouls
  A spriggan defender (Depths:4)
  15 stone giants
  16 ironbound preservers
  A quicksilver ooze (Shoals:3)
  28 very ugly things
  2 war gargoyles (Vaults:5)
  Nessos (D:12)
  2 putrid mouths (Zig:6)
  10 green draconians
  2 wendigos (Zig:11)
  9 deep elf demonologists
  11 vampire knights
  A spectral titan (Crypt:3)
  9 white draconians
  3 deep elf annihilators
  A minotaur (Gauntlet)
  15 yellow draconians
  8 entropy weavers
  7 dire elephants
  8 red draconians
  16 black draconians
  2 iron golems (Zig:5)
  18 purple draconians
  4 spark wasps
  2 spectral quicksilver dragons (Crypt:3)
  The ghost of Gad Huqe the Spry, a journeyman FeBe of Trog (Spider:2)
  9 eidola
  9 ettins
  A green death (Hell)
  Snorg (Lair:5)
  11 fire dragons
  12 deep elf death magi
  5 blizzard demons
  9 merfolk impalers
  6 mummy priests
  17 jiangshi
  8 merfolk javelineers
  A crystal guardian (Vaults:3)
  14 yaktaur captains
  9 rakshasas
  12 great orbs of eyes
  3 deep elf high priests
  30 vault guards
  5 boulder beetles
  8 ice dragons
  6 ironbound thunderhulks
  2 hell beasts (Hell)
  4 spriggan air magi
  5 merfolk avatars
  3 ogre magi
  8 hydras
  12 ironbound frosthearts
  2 catoblepae
  12 centaur warriors
  2 peacekeepers
  22 dancing weapons
  A death knight (Crypt:2)
  3 merfolk aquamancers
  6 death yaks
  12 two-headed ogres
  An alligator (Shoals:2)
  7 deep troll shamans
  9 tengu warriors
  16 vampire magi
  2 death scarabs
  5 deep troll earth magi
  A spectral spriggan (Crypt:3)
  5 spriggan berserkers
  14 hell knights
  4 orc high priests
  A hell hog (Hell)
  2 spectral storm dragons (Crypt:3)
  Sonja (Lair:4)
  7 sun demons
  26 deep elf knights
  8 soul eaters
  7 iron trolls
  2 fire crabs
  A crystal echidna (Zig:5)
  A golden dragon zombie (Zig:10)
  A spectral bunyip (Crypt:3)
  2 spectral anacondas (Crypt:3)
  43 skeletal warriors
  A titan skeleton (Crypt:1)
  9 sea snakes
  11 shadow wraiths
  2 anaconda zombies (Hell)
  A spark wasp zombie (Hell)
  A shadow demon (Depths:3)
  14 deep elf archers
  14 flayed ghosts
  5 glowing orange brains
  13 lindwurms
  8 orc knights
  2 tengu zombies (Hell)
  58 deep trolls
  Pikel (D:4)
  11 harpies
  21 ironbound convokers
  13 necromancers
  13 wizards
  A glowing shapeshifter (Depths:1)
  2 iron dragon zombies
  The ghost of TimeIsEndless the Skirmisher, a novice BaFi of Cheibriados (D:6)
  20 deep elf zephyrmancers
  30 deep elf pyromancers
  An eleionoma zombie (Crypt:1)
  A stone giant zombie (Crypt:1)
  A harpy (shapeshifter) (D:15)
  A swamp dragon (Shoals:3)
  14 phantasmal warriors
  15 wolf spiders
  40 ugly things
  An oklob plant (Shoals:1)
  3 frost giant zombies (Hell)
  A shining eye (shapeshifter) (Vaults:4)
  20 orb spiders
  5 orc sorcerers
  13 manticores
  A spectral ettin (Crypt:3)
  A faun (shapeshifter) (Vaults:5)
  5 cyclopes
  A fire giant zombie (Hell)
  36 moths of wrath
  15 fauns
  4 spectral centaurs (Crypt:3)
  A manticore (shapeshifter) (Vaults:2)
  6 merfolk sirens
  A stone giant skeleton (Vaults:2)
  10 water nymphs
  18 vault sentinels
  A frost giant skeleton (Crypt:3)
  A rust devil (Depths:3)
  11 smoke demons
  6 elephants
  An orange demon (Depths:3)
  3 black mambas
  An ice statue (IceCv)
  Maggie (D:6)
  A gargoyle (D:12)
  4 torpor snails (Lair:1)
  6 molten gargoyles
  14 cane toads
  2 emperor scorpion zombies (Crypt:2)
  A green draconian zombie (Crypt:2)
  4 rime drakes
  A minotaur zombie (Gauntlet)
  A dire elephant skeleton (Crypt:1)
  An unseen horror (D:12)
  A red draconian zombie (Crypt:3)
  A yaktaur zombie (Vaults:2)
  15 freezing wraiths
  2 guardian mummies (Zig:10)
  A kobold demonologist (D:6)
  2 sea snake zombies (Hell)
  8 demonic crawlers
  41 yaktaurs
  7 efreet
  A spectral glowing shapeshifter (Zig:6)
  2 hellwings (Depths:3)
  2 hellions (Hell)
  6 komodo dragons
  6 tengu conjurers
  A minotaur skeleton (Crypt:1)
  A red devil (Hell)
  A spectral harpy (Crypt:3)
  A black draconian skeleton (Crypt:2)
  An entropy weaver simulacrum (IceCv)
  A sea snake skeleton (Hell)
  15 trolls
  A catoblepas skeleton (Crypt:3)
  A hydra zombie (Hell)
  7 polar bears
  An iron troll skeleton (Crypt:1)
  9 ice devils
  37 merfolk
  A meliai (shapeshifter) (D:15)
  9 wind drakes
  11 hornets
  22 jumping spiders
  6 meliai
  3 tyrant leeches (Spider:3)
  4 spriggan zombies
  A silent spectre (Orc:1)
  Grinder (D:3)
  36 slime creatures
  18 blink frogs
  16 snapping turtles
  14 dream sheep
  2 ettin zombies
  An alligator skeleton (Crypt:2)
  Sigmund (D:2)
  7 shadows
  A ynoxinul (Depths:3)
  An air elemental (Zig:7)
  68 yaks
  67 redbacks
  2 dire elephant simulacra (IceCv)
  15 spriggans
  21 water elementals
  2 tarantellas (shapeshifter)
  37 tarantellas
  2 flying skulls (Zig:10)
  2 vampires
  7 wraiths
  5 wyverns
  10 fire elementals
  3 ushabtiu (Zig:10)
  A wind drake zombie (Crypt:3)
  2 hogs
  An alligator snapping turtle simulacrum (Crypt:3)
  A golden eye (shapeshifter) (D:10)
  2 chaos spawn
  A death yak simulacrum (IceCv)
  A neqoxec (Depths:3)
  A human (Lair:4)
  3 steam dragons
  2 basilisks
  9 vampire mosquitoes
  2 acid dragons
  A harpy simulacrum (IceCv)
  A human simulacrum (Vaults:2)
  A spectral cane toad (Gauntlet)
  3 wargs (D:6)
  2 hydra simulacra (Hell)
  7 hell hounds
  9 water moccasins
  A floating eye (Depths:1)
  3 large abominations (Elf:1)
  33 orc warriors
  3 sky beasts
  2 black bears (Lair:6)
  3 ice beasts
  A snapping turtle zombie (Crypt:2)
  2 necrophages (Crypt:1)
  An elephant zombie (Crypt:2)
  A tengu (shapeshifter) (Vaults:5)
  21 ogres
  2 boggarts
  26 wolves
  14 centaurs
  A lemure (D:4)
  6 kobold brigands
  A phantom (D:4)
  2 elf zombies (Elf:1)
  A human zombie (Vaults:2)
  8 bullfrogs
  A wyvern zombie (D:7)
  6 gnoll sergeants
  2 two-headed ogre simulacra (IceCv)
  3 scorpions
  3 cane toad simulacra (IceCv)
  2 earth elementals
  3 human skeletons (Vaults:2)
  A palentonga skeleton (Crypt:1)
  4 elephant simulacra (IceCv)
  3 water moccasin skeletons
  11 killer bees
  A yak skeleton (Crypt:1)
  16 wights
  3 electric eels
  5 howler monkeys
  A bullfrog zombie (D:5)
  2 wolf skeletons
  11 hounds
  24 orc priests
  4 centaur zombies
  A jelly (Lair:6)
  4 gnoll shamans (D:6)
  A basilisk skeleton (Crypt:1)
  2 bullfrog skeletons (D:6)
  3 centaur skeletons
  Jessica (D:3)
  Natasha (thrice) (D:3)
  An iguana (D:7)
  24 orc wizards
  6 troll simulacra (IceCv)
  6 spriggan simulacra
  4 polar bear simulacra (IceCv)
  4 wolf simulacra (IceCv)
  An ogre zombie (Crypt:2)
  A naga skeleton (Crypt:1)
  A hound skeleton (D:4)
  4 mummies (Zig:10)
  A howler monkey zombie (D:8)
  14 gnolls
  8 adders
  2 howler monkey skeletons (D:7)
  10 naga simulacra
  5 shadow imps
  6 white imps
  4 ufetubi (IceCv)
  An adder zombie (D:4)
  3 worms
  A dart slug (D:1)
  79 orcs
  9 ball pythons
  A bat zombie (Crypt:2)
  6 endoplasms
  4 giant cockroaches
  5 hobgoblins
  7 jackals
  5 kobolds
  7 quokkas
  4 bats
  A frilled lizard (D:2)
  A giant cockroach zombie (Crypt:3)
  5 goblins
  An orc zombie (Crypt:3)
  6 rats
  A spectral hobgoblin (D:11)
  2 ballistomycete spores (Zot:2)
  5 fire vortices (Zot:5)
  A foxfire (Lair:6)
  A tentacle (Shoals:3)
2613 creatures vanquished.

Vanquished Creatures (collateral kills)
  Jory (Depths:3)
  An Ice Fiend (Zig:11)
  Mlioglotl (Shoals:3)
  The ghost of
  1994 the Covert, an adept OpFE of Gozag (Vaults:2)
  The ghost of Johnny the Human Blade, an adept HuBe of Trog (Elf:2)
  A titan (Vaults:5)
  A kraken (Shoals:3)
  The ghost of Kefeps the Severer, an adept MiBe of Trog (Spider:3)
  A sphinx (Vaults:5)
  A shadow dragon (Vaults:5)
  A storm dragon (Spider:4)
  Roxanne (Spider:4)
  A balrug (Depths:4)
  2 narguns (Zig:11)
  A frost giant (Elf:2)
  An emperor scorpion (Spider:4)
  An orc warlord (Elf:2)
  A deep elf annihilator (Elf:3)
  A minotaur (Elf:2)
  Azrael (Orc:2)
  A deep elf death mage (Vaults:5)
  A merfolk impaler (Elf:2)
  A hydra (Lair:5)
  A vault guard (Vaults:2)
  A ghost crab (Spider:3)
  2 ogre magi
  An anaconda (Spider:3)
  A catoblepas (shapeshifter) (Vaults:5)
  A catoblepas (Shoals:2)
  A two-headed ogre (Orc:1)
  3 dancing weapons (Elf:2)
  A tengu warrior (Elf:2)
  A titan zombie (Zig:10)
  2 sun demons (Depths:4)
  A deep troll (Vaults:2)
  An ironbound convoker (Vaults:3)
  A deep elf pyromancer (Orc:1)
  An orb spider (Spider:4)
  A mana viper (Spider:4)
  A faun (D:10)
  A wolf spider (Spider:4)
  2 manticores
  A moth of wrath (Spider:4)
  A vault sentinel (Vaults:3)
  A yaktaur (Vaults:5)
  An efreet (Volcano)
  A komodo dragon (Lair:4)
  A jumping spider (Spider:4)
  A polar bear (Lair:4)
  2 hornets
  2 redbacks (Spider:4)
  2 spriggans (Lair:6)
  A wyvern (Spider:3)
  4 tarantellas (Spider:4)
  A fire bat (Lair:6)
  2 fire elementals
  A warg (Orc:2)
  5 vampire mosquitoes (Spider:3)
  A water moccasin (Lair:6)
  An orc warrior (Orc:2)
  A black bear (Lair:6)
  2 wolves (Lair:6)
  2 wights (D:7)
  An orc priest (Orc:2)
  A gnoll (Lair:6)
  22 foxfires
  2 tentacles (Shoals:3)
108 creatures vanquished.

Vanquished Creatures (others)
  A fire giant (Depths:2)
  A very ugly thing (Depths:2)
  A green draconian (Zot:1)
  A two-headed ogre (Zot:2)
  A wizard (D:14)
  2 deep elf zephyrmancers
  An ugly thing (Depths:2)
  2 moths of wrath
  A molten gargoyle (Volcano)
  A troll (Zot:2)
  3 ogres (Zot:2)
  An earth elemental (Volcano)
  A glowing shapeshifter simulacrum (Zig:11)
  33 fire vortices
  1425 foxfires
  39 fungi
  313 plants
  3 tentacles (Shoals:3)
1830 creatures vanquished.

Grand Total: 4551 creatures vanquished

Notes
Turn   | Place    | Note
-------+----------+-------------------------------------------
     0 | D:1      | qnok the Naga Fire Elementalist began the quest for the
                  | Orb.
     0 | D:1      | Reached XP level 1. HP: 15/15 MP: 3/3
   469 | D:1      | Reached XP level 2. HP: 22/22 MP: 3/5
   472 | D:1      | Learned a level 2 spell: Scorch
   813 | D:1      | Found a faded altar of an unknown god.
  1313 | D:2      | Reached XP level 3. HP: 28/28 MP: 3/6
  1320 | D:2      | Noticed Sigmund
  1328 | D:2      | Gained mutation: Your magical capacity is low. (-10% MP)
                  | [potion of mutation]
  1328 | D:2      | Gained mutation: You can exhale a cloud of poison. [potion
                  | of mutation]
  1328 | D:2      | Gained mutation: Your muscles are strong. (Str +2) [potion
                  | of mutation]
  1480 | D:3      | Noticed Jessica
  1483 | D:3      | Killed Jessica
  1484 | D:3      | Reached XP level 4. HP: 36/36 MP: 4/6
  1509 | D:2      | Reached skill level 2 in Conjurations
  1565 | D:2      | Killed Sigmund
  1566 | D:2      | Reached skill level 1 in Shields
  1566 | D:2      | Reached XP level 5. HP: 42/42 MP: 4/8
  1566 | D:2      | Reached XP level 6. HP: 49/49 MP: 4/9
  1571 | D:2      | Learned a level 4 spell: Flame Wave
  2178 | D:3      | Noticed Natasha
  2183 | D:3      | Killed Natasha
  2184 | D:3      | Reached skill level 3 in Conjurations
  2486 | D:3      | Noticed Grinder
  2496 | D:3      | Killed Grinder
  2497 | D:3      | Reached skill level 5 in Stealth
  2497 | D:3      | Reached XP level 7. HP: 55/55 MP: 4/10
  2501 | D:3      | Noticed Natasha
  2506 | D:3      | Killed Natasha
  2966 | D:4      | Reached skill level 5 in Fire Magic
  3019 | D:4      | Reached skill level 4 in Conjurations
  3383 | D:4      | Reached XP level 8. HP: 62/62 MP: 11/11
  3514 | D:4      | Noticed Pikel
  3526 | D:4      | Killed Pikel
  3527 | D:4      | Reached skill level 5 in Conjurations
  3647 | D:4      | Found a staircase to the Ecumenical Temple.
  3675 | Temple   | Entered the Ecumenical Temple
  4065 | Temple   | Became a worshipper of Nemelex Xobeh the Trickster
  4473 | D:5      | Entered Level 5 of the Dungeon
  4928 | D:5      | Reached skill level 1 in Evocations
  4928 | D:5      | Reached XP level 9. HP: 53/68 MP: 13/13
  4943 | D:5      | Found an iron altar of Okawaru.
  4961 | D:6      | Reached * piety under Nemelex Xobeh
  4961 | D:6      | Received a gift from Nemelex Xobeh
  5560 | D:5      | Identified the +3 robe "Yrpheg" {-Tele Harm Fly Will-}
  5632 | D:6      | Reached skill level 6 in Conjurations
  5632 | D:6      | Reached skill level 1 in Invocations
  5638 | D:6      | Reached skill level 1 in Fighting
  6029 | D:6      | Reached ** piety under Nemelex Xobeh
  6030 | D:6      | Noticed a kobold demonologist
  6039 | D:6      | Noticed Maggie
  6040 | D:6      | Noticed a red devil
  6041 | D:6      | Killed a kobold demonologist
  6042 | D:6      | Reached skill level 5 in Spellcasting
  6042 | D:6      | Reached XP level 10. HP: 80/80 MP: 15/15
  6044 | D:6      | Killed Maggie
  6045 | D:6      | Reached skill level 7 in Conjurations
  6592 | D:6      | Found a transporter.
  6592 | D:6      | Identified the ring of Ocedigod {+Blink rF+ rC++ rCorr
                  | Dex-3}
  6594 | D:6      | Found a transporter.
  6601 | D:6      | Identified the +6 scale mail of Catatonia {Will+}
  6638 | D:6      | Noticed TimeIsEndless's ghost (novice BaFi)
  6873 | D:6      | Reached skill level 8 in Conjurations
  7199 | D:7      | Upgraded the game from 0.28-a0-684-g30a9fa1a03 to
                  | 0.28-a0-689-ga55568f2eb
  7259 | D:7      | Found a broken altar of Ashenzari.
  7277 | D:7      | Found a stormy altar of Qazlal.
  7281 | D:7      | Found a snail-covered altar of Cheibriados.
  7282 | D:7      | Found a radiant altar of Vehumet.
  7294 | D:7      | Found a burning altar of Makhleb.
  7820 | D:7      | Reached XP level 11. HP: 85/86 MP: 17/17
  7839 | D:7      | Found a shimmering altar of Xom.
  8356 | D:8      | Found a staircase to the Lair.
  8456 | D:9      | Reached skill level 10 in Stealth
  8678 | D:9      | Found a basalt altar of Yredelemnul.
  9083 | D:8      | Noticed a two-headed ogre
  9088 | D:8      | Killed a two-headed ogre
  9089 | D:8      | Reached skill level 9 in Conjurations
  9089 | D:8      | Reached skill level 5 in Invocations
  9361 | D:8      | Got Piepiv's Volume of the Voyage
  9468 | D:8      | Found an opulent altar of Gozag.
  9624 | D:9      | Reached *** piety under Nemelex Xobeh
  9859 | D:10     | Entered Level 10 of the Dungeon
 10091 | D:9      | Received a gift from Nemelex Xobeh
 10350 | D:10     | Reached skill level 1 in Armour
 10499 | D:9      | Noticed a cyclops
 10503 | D:9      | Killed a cyclops
 10586 | Lair:1   | Entered Level 1 of the Lair of Beasts
 10648 | Lair:1   | Received a gift from Nemelex Xobeh
 10713 | Lair:2   | Reached skill level 10 in Fire Magic
 10774 | Lair:1   | Noticed a five-headed hydra
 10781 | Lair:1   | Killed a five-headed hydra
 10881 | Lair:1   | Found a snail-covered altar of Cheibriados.
 10970 | Lair:1   | Reached XP level 12. HP: 97/97 MP: 18/19
 11005 | Lair:1   | Reached **** piety under Nemelex Xobeh
 11061 | Lair:1   | Received a gift from Nemelex Xobeh
 11452 | Lair:1   | Reached skill level 10 in Conjurations
 11673 | Lair:2   | Found a hole to the Spider Nest.
 11750 | Lair:2   | Received a gift from Nemelex Xobeh
 12032 | Lair:2   | Reached skill level 5 in Shields
 12388 | Lair:2   | Learned a level 4 spell: Olgreb's Toxic Radiance
 12603 | Lair:3   | Reached skill level 1 in Poison Magic
 13251 | Lair:3   | Reached ***** piety under Nemelex Xobeh
 13317 | Lair:3   | Received a gift from Nemelex Xobeh
 13422 | Lair:3   | Reached skill level 5 in Poison Magic
 13648 | Lair:4   | Noticed Sonja
 13657 | Lair:4   | Killed Sonja
 13658 | Lair:4   | Gained mutation: You can use your snake-like lower body to
                  | constrict enemies. [Naga growth]
 13658 | Lair:4   | Reached XP level 13. HP: 100/105 MP: 22/22
 13877 | Lair:4   | Received a gift from Nemelex Xobeh
 13951 | Lair:5   | Noticed Snorg
 13954 | Lair:5   | Killed Snorg
 14468 | Lair:4   | Noticed Kirke
 14481 | Lair:4   | Killed Kirke
 14482 | Lair:4   | Reached skill level 10 in Poison Magic
 15064 | Lair:4   | Received a gift from Nemelex Xobeh
 15325 | Lair:4   | Found a staircase to the Shoals.
 15485 | Lair:6   | Entered Level 6 of the Lair of Beasts
 16338 | Lair:6   | Reached skill level 11 in Conjurations
 16606 | Lair:6   | Reached XP level 14. HP: 101/114 MP: 15/24
 16817 | Lair:6   | Received a gift from Nemelex Xobeh
 17150 | Lair:6   | Identified the -1 trident of Igrod {drain, rF- rC+ Int+6}
 17199 | Lair:6   | Reached skill level 10 in Spellcasting
 17199 | Lair:6   | Reached skill level 12 in Conjurations
 17642 | Lair:6   | Found a staircase to the Slime Pits.
 17643 | Lair:6   | Found a viscous altar of Jiyva.
 17647 | Lair:6   | Received a gift from Nemelex Xobeh
 18211 | D:10     | Received a gift from Nemelex Xobeh
 18262 | D:11     | Found a frozen archway.
 18289 | IceCv    | Entered an ice cave
 19171 | IceCv    | Noticed a reaper
 19185 | IceCv    | Killed a reaper
 19483 | D:10     | Found a staircase to the Orcish Mines.
 19549 | D:10     | Reached ****** piety under Nemelex Xobeh
 19767 | D:10     | Received a gift from Nemelex Xobeh
 19767 | D:10     | Found the +3 pair of seven-league boots {Rampage+∞}
 20336 | D:11     | Reached XP level 15. HP: 120/120 MP: 21/26
 20432 | D:12     | Found a gate leading to a gauntlet.
 20445 | Gauntlet | Entered a Gauntlet
 20445 | Gauntlet | Found a transporter.
 20445 | Gauntlet | Found a transporter.
 20544 | Gauntlet | Found a transporter.
 20545 | Gauntlet | Found a transporter.
 20551 | Gauntlet | Found a transporter.
 20557 | Gauntlet | Received a gift from Nemelex Xobeh
 20595 | Gauntlet | Found a transporter.
 20616 | Gauntlet | Found a transporter.
 20623 | Gauntlet | Found a transporter.
 20648 | Gauntlet | Found a transporter.
 20736 | Gauntlet | Found a transporter.
 20744 | Gauntlet | Found a transporter.
 20770 | Gauntlet | Found a transporter.
 20776 | Gauntlet | Found a transporter.
 20808 | Gauntlet | Found a transporter.
 20852 | Gauntlet | Found a transporter.
 20869 | Gauntlet | Found a transporter.
 21011 | Gauntlet | Identified the +2 helmet of the Blizzard {Rampage Regen+
                  | Dex+4}
 21122 | Gauntlet | Identified the +3 flail "Boydikad" {venom, rCorr Str+6
                  | Int+5}
 21310 | D:12     | Received a gift from Nemelex Xobeh
 21314 | D:12     | Got the Handbook of Enthralling Ignition
 21325 | D:12     | Learned a level 6 spell: Starburst
 21344 | D:11     | Found a hazy altar of Hepliaklqana.
 21751 | Orc:1    | Entered Level 1 of the Orcish Mines
 21808 | Orc:1    | Found a transporter.
 22049 | Orc:1    | Received a gift from Nemelex Xobeh
 22075 | Orc:1    | You fall into a shaft and drop 1 floor!
 22075 | Orc:2    | Entered Level 2 of the Orcish Mines
 22094 | Orc:2    | Noticed an orc warlord
 22101 | Orc:2    | Killed an orc warlord
 22102 | Orc:2    | Reached skill level 1 in Maces & Flails
 22142 | Orc:2    | Found a dark tunnel.
 22147 | Volcano  | Entered a volcano
 22876 | Orc:2    | Found Wuwocir's Distillery.
 23102 | Orc:2    | Received a gift from Nemelex Xobeh
 23107 | Orc:2    | Found a staircase to the Elven Halls.
 23158 | Orc:2    | Reached skill level 1 in Crossbows
 23240 | Orc:2    | Noticed Azrael
 23249 | Orc:2    | Killed Azrael
 23369 | Orc:2    | Upgraded the game from 0.28-a0-689-ga55568f2eb to
                  | 0.28-a0-691-gad6df49e81
 23584 | Orc:2    | Found Viumm's Magic Scroll Boutique.
 23584 | Orc:2    | Found Ojara's Book Emporium.
 23586 | Orc:2    | Found Feplil Oris's Antique Armour Boutique.
 23586 | Orc:2    | Found Buell's General Store.
 23592 | Orc:2    | Bought a scroll of teleportation for 42 gold pieces
 23600 | Orc:2    | Bought a runed tower shield for 202 gold pieces
 23600 | Orc:2    | Bought a heavily runed leather armour for 189 gold pieces
 23600 | Orc:2    | Identified the +1 leather armour "Uloug" {+Blink Dex+4}
                  | (You bought it in a shop on level 2 of the Orcish Mines)
 23600 | Orc:2    | Bought a smoking leather armour for 189 gold pieces
 23600 | Orc:2    | Identified the +1 leather armour "Lutann" {Int+4} (You
                  | bought it in a shop on level 2 of the Orcish Mines)
 23639 | Orc:2    | Bought a wand of digging (5) for 306 gold pieces
 23644 | Orc:2    | Bought a scroll of identify for 28 gold pieces
 23644 | Orc:2    | Bought a scroll of blinking for 105 gold pieces
 23644 | Orc:2    | Bought a scroll of summoning for 133 gold pieces
 23650 | Orc:2    | Bought the Grimoire of the Unstable Traveller for 646 gold
                  | pieces
 23654 | Orc:2    | Learned a level 2 spell: Blink
 23658 | Orc:2    | Bought 2 scrolls of identify for 56 gold pieces
 23659 | Orc:2    | Identified 2 scrolls of acquirement
 23660 | Orc:2    | Bought a scroll of identify for 28 gold pieces
 23660 | Orc:2    | Bought a scroll of identify for 28 gold pieces
 23664 | Orc:2    | Acquired the ring of Xeucebics {Fire Str+6 Int+4}
 23666 | Orc:2    | Acquired a +2 barding of stealth
 23734 | Orc:2    | Bought a potion of invisibility for 128 gold pieces
 24103 | Spider:1 | Entered Level 1 of the Spider Nest
 24112 | Spider:1 | Reached skill level 10 in Shields
 24167 | Spider:1 | Reached skill level 1 in Translocations
 24429 | Spider:2 | Reached XP level 16. HP: 127/127 MP: 13/27
 24708 | Spider:2 | Noticed Gad Huqe's ghost (journeyman FeBe)
 24708 | Spider:2 | Found a large runed translucent door.
 24708 | Spider:2 | Found a large runed translucent door.
 25053 | D:6      | Killed TimeIsEndless's ghost
 25405 | Spider:1 | Received a gift from Nemelex Xobeh
 25567 | Spider:1 | Identified the +2 quarterstaff of Pobemif {venom, *Slow
                  | rPois rC+}
 25840 | Spider:2 | Got Axeuck's Reference Book on Displacement
 25861 | Spider:2 | Received a gift from Nemelex Xobeh
 26754 | Spider:2 | Killed Gad Huqe's ghost
 26758 | Spider:2 | Identified the +12 battleaxe "Falogrokk" {antimagic, Fly
                  | Int+4}
 26894 | Spider:3 | Noticed Mara
 26919 | Spider:3 | Killed Mara
 27005 | Spider:3 | Found a runed translucent gate.
 27005 | Spider:3 | Found a runed translucent gate.
 27005 | Spider:3 | Found a runed translucent gate.
 27006 | Spider:3 | Noticed Kefeps's ghost (adept MiBe)
 27007 | Spider:3 | Noticed Sajuapom's ghost (adept MiFi)
 27093 | Spider:3 | Received a gift from Nemelex Xobeh
 27140 | Spider:4 | Entered Level 4 of the Spider Nest
 27378 | Spider:3 | Reached skill level 5 in Dodging
 27493 | Spider:3 | Received a gift from Nemelex Xobeh
 27900 | Spider:4 | Reached skill level 13 in Conjurations
 27950 | Spider:4 | Identified Roxanne's Tome of Clay
 27950 | Spider:4 | Noticed Roxanne
 28009 | Spider:4 | Killed Roxanne
 28019 | Spider:4 | Learned a level 2 spell: Passwall
 28213 | Spider:4 | Reached XP level 17. HP: 124/133 MP: 1/29
 28540 | Spider:4 | Reached skill level 1 in Transmutations
 28540 | Spider:4 | Reached skill level 1 in Earth Magic
 28625 | Spider:4 | Received a gift from Nemelex Xobeh
 28667 | Spider:4 | Noticed Arachne
 28677 | Spider:4 | Killed Arachne
 29564 | Spider:4 | Got a gossamer rune of Zot
 29659 | Spider:4 | Reached skill level 5 in Translocations
 30028 | Shoals:1 | Entered Level 1 of the Shoals
 30515 | Shoals:1 | Received a gift from Nemelex Xobeh
 31060 | Shoals:1 | Found a hazy altar of Hepliaklqana.
 31227 | Shoals:1 | Acquired 1163 gold pieces
 31258 | Shoals:1 | Received a gift from Nemelex Xobeh
 31940 | Shoals:2 | Received a gift from Nemelex Xobeh
 32190 | Shoals:2 | Found the +11 plutonium sword {Contam Stlth-}
 32198 | Shoals:2 | Noticed Polyphemus
 32205 | Shoals:2 | Killed Polyphemus
 32595 | Shoals:2 | Reached XP level 18. HP: 121/141 MP: 18/30
 32854 | Shoals:3 | Noticed Mlioglotl
 32855 | Shoals:3 | Identified the -1 long sword of Valour {flame, rPois rF+
                  | rCorr SInv}
 32859 | Shoals:3 | Killed Mlioglotl
 32900 | Shoals:4 | Entered Level 4 of the Shoals
 32900 | Shoals:4 | Received a gift from Nemelex Xobeh
 33536 | Shoals:4 | Found the ring of the Hare {EV+8}
 33584 | Shoals:4 | Identified the +6 flail of Subterfuge {vorpal, rPois rN+}
 33701 | Shoals:3 | Noticed Ilsuiw
 33703 | Shoals:3 | Noticed Ilsuiw
 33703 | Shoals:3 | Ilsuiw changed into Ilsuiw the frost giant
 33713 | Shoals:3 | Killed Ilsuiw the frost giant
 33798 | Shoals:3 | Received a gift from Nemelex Xobeh
 33905 | Shoals:4 | Reached skill level 15 in Stealth
 35096 | Spider:3 | Killed Kefeps's ghost
 35114 | Spider:3 | Killed Sajuapom's ghost
 35455 | Shoals:4 | Received a gift from Nemelex Xobeh
 35476 | Shoals:4 | Found Vumiuxik's Overcharged Wands.
 35626 | Shoals:4 | Got a barnacled rune of Zot
 35734 | Shoals:4 | Found Lopp's Book Boutique.
 35747 | Shoals:4 | Bought a book of Annihilations for 960 gold pieces
 35757 | Shoals:4 | Learned a level 9 spell: Fire Storm
 36179 | Shoals:4 | Bought a wand of digging (15) for 646 gold pieces
 36497 | Orc:1    | Found a transporter.
 36497 | Orc:1    | Found a runed translucent door.
 36497 | Orc:1    | Found a bloodstained altar of Trog.
 36497 | Orc:1    | Found the necklace of Bloodlust {*Rage Will++ Int-3 Slay+6}
 36637 | Orc:1    | Identified the +2 chain mail of Indemnity {rElec rF- rC++
                  | Int+9}
 36656 | Orc:1    | Reached skill level 14 in Conjurations
 36722 | Orc:1    | Identified the +0 executioner's axe "Ogreslayer"
                  | {antimagic, rN++ rCorr}
 36926 | Elf:1    | Entered Level 1 of the Elven Halls
 36926 | Elf:1    | Received a gift from Nemelex Xobeh
 37064 | Elf:1    | Found Bagryg's Distillery.
 37081 | Elf:1    | Bought a potion of heal wounds for 75 gold pieces
 37081 | Elf:1    | Bought a potion of heal wounds for 75 gold pieces
 37179 | Elf:1    | Reached XP level 19. HP: 147/147 MP: 18/32
 37253 | Elf:2    | Found a runed translucent gate.
 37253 | Elf:2    | Found a runed translucent gate.
 37253 | Elf:2    | Found a runed translucent gate.
 37426 | Elf:1    | Received a gift from Nemelex Xobeh
 37509 | Elf:1    | Got the Compendium of Necromancy
 37712 | Elf:1    | Reached skill level 5 in Maces & Flails
 37712 | Elf:1    | Reached skill level 5 in Earth Magic
 38008 | Elf:2    | Noticed Johnny's ghost (adept HuBe)
 38013 | Elf:2    | Received a gift from Nemelex Xobeh
 38030 | Elf:2    | Identified the +8 dire flail of the Blessed Realm {vorpal,
                  | Str+3}
 38034 | Elf:2    | Found an iron altar of Okawaru.
 38042 | Elf:3    | Entered Level 3 of the Elven Halls
 38242 | Elf:1    | Found an ancient bone altar of Kikubaaqudgha.
 38341 | Elf:2    | Acquired the +2 cloak "Maybrez" {rN+ Str+2}
 38451 | Elf:2    | Found a runed translucent gate.
 38451 | Elf:2    | Found a runed translucent gate.
 38451 | Elf:2    | Found a runed translucent gate.
 38768 | D:13     | Identified the +5 scale mail of Makhleb's Whim {Harm rPois
                  | rF- rN+}
 38843 | D:12     | Received a gift from Nemelex Xobeh
 39040 | D:12     | Found a glowing golden altar of the Shining One.
 39069 | D:12     | Noticed Nessos
 39076 | D:12     | Killed Nessos
 39579 | D:13     | Received a gift from Nemelex Xobeh
 39777 | Elf:2    | Killed Johnny's ghost
 39801 | Elf:2    | Identified the +0 pair of gloves of the Moon {Will++}
 39872 | Elf:2    | Reached skill level 10 in Invocations
 40681 | Elf:3    | Received a gift from Nemelex Xobeh
 40718 | Elf:3    | Reached XP level 20. HP: 101/143 MP: 3/33
 40892 | Elf:3    | Found Feucyla's Weapon Shoppe.
 41104 | Elf:3    | Reached skill level 15 in Conjurations
 41618 | Elf:3    | Identified the ring "Dajyhiyw" {rCorr Str-5 SInv Stlth+}
 41946 | Elf:3    | Identified the +0 hand axe of a bailey {vorpal, Int+2}
 41954 | Elf:3    | Got Humeadec's Almanac of Changing and Poisoning
 42717 | D:13     | Received a gift from Nemelex Xobeh
 42887 | D:15     | Entered Level 15 of the Dungeon
 43017 | D:14     | Reached skill level 15 in Shields
 43103 | D:14     | Found a gate to the Vaults.
 43301 | D:14     | Received a gift from Nemelex Xobeh
 43943 | D:15     | Received a gift from Nemelex Xobeh
 43944 | D:15     | Noticed Jorgrun
 43959 | D:15     | Killed Jorgrun
 44210 | D:15     | Found a portal to a secret trove of treasure.
 44276 | D:15     | Received a gift from Nemelex Xobeh
 44447 | D:15     | Noticed Louise
 44456 | D:15     | Killed Louise
 44457 | D:15     | Reached XP level 21. HP: 162/162 MP: 18/35
 44545 | D:15     | Found a staircase to the Depths.
 45010 | Orc:2    | Bought a scroll of fear for 49 gold pieces
 45196 | Vaults:1 | Entered Level 1 of the Vaults
 45315 | Vaults:1 | Received a gift from Nemelex Xobeh
 45359 | Vaults:1 | Reached skill level 5 in Evocations
 45479 | Vaults:1 | Reached skill level 15 in Fire Magic
 45763 | Vaults:1 | Reached skill level 5 in Armour
 45980 | Vaults:1 | Received a gift from Nemelex Xobeh
 46052 | Vaults:1 | Found Cuigg's Antique Weapon Emporium.
 46745 | Vaults:2 | Found a staircase to the Crypt.
 46757 | Vaults:2 | Noticed 1994's ghost (adept OpFE)
 46758 | Vaults:2 | Found a large runed translucent door.
 46758 | Vaults:2 | Found a large runed translucent door.
 46812 | Vaults:2 | Killed 1994's ghost
 46890 | Vaults:3 | Reached skill level 16 in Conjurations
 47050 | Vaults:2 | Reached skill level 10 in Dodging
 47727 | Vaults:3 | Received a gift from Nemelex Xobeh
 47820 | Vaults:3 | Reached XP level 22. HP: 161/169 MP: 36/36
 48318 | Vaults:3 | Received a gift from Nemelex Xobeh
 48831 | Vaults:3 | Noticed Mennas
 48845 | Vaults:3 | Killed Mennas
 48846 | Vaults:3 | Reached skill level 15 in Spellcasting
 49195 | Vaults:4 | Received a gift from Nemelex Xobeh
 49634 | Vaults:4 | Received a gift from Nemelex Xobeh
 49793 | Vaults:4 | Reached skill level 5 in Fighting
 50110 | Vaults:4 | Received a gift from Nemelex Xobeh
 50228 | Vaults:4 | Reached skill level 17 in Conjurations
 50412 | Vaults:5 | Entered Level 5 of the Vaults
 50602 | Vaults:5 | Reached XP level 23. HP: 160/179 MP: 28/38
 50773 | Vaults:5 | Noticed a golden dragon
 50795 | Vaults:5 | Killed a golden dragon
 50836 | Vaults:5 | Identified the +6 flail of the Shrike {distort, Dex+4}
 51064 | Vaults:5 | Noticed an ancient lich
 51074 | Vaults:5 | Killed an ancient lich
 51202 | Vaults:5 | Received a gift from Nemelex Xobeh
 51235 | Vaults:5 | Noticed a golden dragon
 51241 | Vaults:5 | Killed a golden dragon
 51412 | Vaults:5 | Noticed a golden dragon
 51433 | Vaults:5 | Killed a golden dragon
 51533 | Vaults:5 | Got the Tome of Black Rituals and Snow
 51918 | Vaults:5 | Found Joss's Distillery.
 51936 | Vaults:5 | Bought a potion of haste for 120 gold pieces
 51936 | Vaults:5 | Bought a potion of heal wounds for 60 gold pieces
 51936 | Vaults:5 | Bought a potion of curing for 36 gold pieces
 51936 | Vaults:5 | Bought a potion of curing for 36 gold pieces
 51936 | Vaults:5 | Bought a potion of heal wounds for 60 gold pieces
 52009 | Vaults:5 | Identified the +9 hand crossbow of Ofochigg {elec, rC-
                  | Int-3 Dex+9 SInv}
 52044 | Vaults:5 | Found Arasong's Magic Scroll Shop.
 52048 | Vaults:5 | Bought a scroll of enchant armour for 120 gold pieces
 52048 | Vaults:5 | Bought a scroll of magic mapping for 56 gold pieces
 52048 | Vaults:5 | Bought a scroll of summoning for 152 gold pieces
 52312 | Vaults:5 | Received a gift from Nemelex Xobeh
 52320 | Vaults:5 | Got a silver rune of Zot
 52757 | Depths:1 | Entered Level 1 of the Depths
 52805 | D:15     | You paid a toll of 5 scrolls of fear to enter a treasure
                  | trove
 52806 | Trove    | Entered a treasure trove
 52935 | Depths:2 | Reached skill level 18 in Conjurations
 53103 | D:15     | Learned a level 7 spell: Orb of Destruction
 53227 | D:15     | Learned a level 5 spell: Fireball
 53285 | D:15     | Reached XP level 24. HP: 186/190 MP: 9/39
 53959 | Depths:1 | Found a broken altar of Ashenzari.
 53973 | Depths:1 | Received a gift from Nemelex Xobeh
 54247 | Depths:1 | Found a gateway to Hell.
 54254 | Hell     | Entered the Vestibule of Hell
 54254 | Hell     | Noticed Geryon
 54263 | Hell     | Killed Geryon
 54862 | Hell     | Noticed Murray
 54873 | Hell     | Killed Murray
 55061 | Hell     | Found a gateway to the decaying netherworld of Tartarus.
 55137 | Hell     | Found a gateway to the freezing wastes of Cocytus.
 55167 | Hell     | Received a gift from Nemelex Xobeh
 55214 | Hell     | Found a gateway to the Iron City of Dis.
 55338 | Hell     | Found a gateway to the ashen valley of Gehenna.
 55357 | Hell     | Received a gift from Nemelex Xobeh
 55563 | Depths:1 | You fall into a shaft and drop 1 floor!
 55725 | Depths:1 | Found a corrupted altar of Lugonu.
 55730 | Depths:1 | Found a one-way gate to the infinite horrors of the Abyss.
 55991 | Depths:2 | Received a gift from Nemelex Xobeh
 56534 | Depths:2 | Found a one-way gate leading to the halls of Pandemonium.
 56596 | Depths:2 | Reached skill level 19 in Conjurations
 56888 | Depths:2 | Received a gift from Nemelex Xobeh
 57247 | Depths:3 | Reached XP level 25. HP: 190/196 MP: 39/39
 57530 | Depths:3 | Found a gateway to a ziggurat.
 57557 | Zig:1    | Entered Level 1 of a ziggurat
 57578 | Zig:2    | Entered Level 2 of a ziggurat
 57611 | Zig:3    | Entered Level 3 of a ziggurat
 57685 | Zig:4    | Entered Level 4 of a ziggurat
 57745 | Zig:5    | Entered Level 5 of a ziggurat
 57745 | Zig:5    | Received a gift from Nemelex Xobeh
 57816 | Zig:5    | Identified the +9 quarterstaff of Cataclysm {vamp, rF+
                  | Str+2 Dex-5 Stlth+}
 57842 | Zig:6    | Entered Level 6 of a ziggurat
 57872 | Zig:6    | Identified the ring of Voorexe {Ice Slay+4 SInv Stlth-}
 57878 | Zig:6    | Identified the +5 whip "Zeid" {spect, Will+++}
 57928 | Zig:7    | Entered Level 7 of a ziggurat
 57954 | Zig:7    | Identified the +4 long sword of the Hidden Vale {holy, rC+
                  | Str+2 Int-5}
 57956 | Zig:7    | Got the Volume of the Entourage
 57957 | Zig:7    | Identified the +7 quarterstaff of the Wizarding Blowfly
                  | {holy, Will+}
 57960 | Zig:7    | Identified the +9 dagger of Faedomi {drain, Will+}
 57968 | Zig:8    | Entered Level 8 of a ziggurat
 58000 | Zig:8    | Identified the +0 cloak of Analysis {Int+2 SInv}
 58001 | Zig:8    | Identified the +5 pearl dragon scales of the Cockatrice
                  | {Contam +Inv rElec rN+ Stlth+}
 58049 | Zig:9    | Entered Level 9 of a ziggurat
 58059 | Zig:9    | Reached skill level 10 in Armour
 58117 | Zig:10   | Entered Level 10 of a ziggurat
 58126 | Zig:10   | Found the +2 shield of Resistance {rF++ rC++ Will++}
 58129 | Zig:10   | Noticed a royal mummy
 58137 | Zig:10   | Killed a royal mummy
 58167 | Zig:10   | Identified the +7 scimitar of Hard Scrabble {vorpal, Int+5}
 58255 | Zig:11   | Entered Level 11 of a ziggurat
 58259 | Zig:11   | Identified the +0 quarterstaff "Spiderbane" {spect, rF+
                  | Int+3}
 58289 | Zig:11   | Found the +7 mace of Variability {chain chaos}
 58289 | Zig:11   | Found the ring of the Tortoise {AC+8}
 58290 | Zig:11   | Received a gift from Nemelex Xobeh
 58318 | Zig:11   | Reached XP level 26. HP: 205/205 MP: 40/40
 58466 | Depths:4 | Entered Level 4 of the Depths
 58638 | Depths:3 | Found a shimmering blue altar of Sif Muna.
 58727 | Depths:3 | Found Kaostryce's Book Shop.
 58727 | Depths:3 | Found Nedeop's Assorted Antiques.
 58728 | Depths:3 | Found Guulamniybb's Distillery.
 58730 | Depths:3 | Found Retanuba's Armour Shop.
 58732 | Depths:3 | Bought a potion of brilliance for 80 gold pieces
 58732 | Depths:3 | Bought a potion of brilliance for 80 gold pieces
 58744 | Depths:3 | Bought a potion of cancellation for 160 gold pieces
 58744 | Depths:3 | Bought a potion of mutation for 160 gold pieces
 58744 | Depths:3 | Bought a potion of might for 80 gold pieces
 58744 | Depths:3 | Bought 2 potions of cancellation for 320 gold pieces
 58744 | Depths:3 | Bought a potion of curing for 60 gold pieces
 58744 | Depths:3 | Bought a potion of flight for 60 gold pieces
 58749 | Depths:3 | Noticed Jory
 58750 | Depths:3 | Identified the +0 trident of Conservatism {distort, rPois
                  | rC- Will+}
 58759 | Depths:3 | Killed Jory
 58835 | Depths:3 | Bought a wand of acid (13) for 240 gold pieces
 58835 | Depths:3 | Bought a potion of magic for 240 gold pieces
 59043 | Depths:4 | Received a gift from Nemelex Xobeh
 59142 | Depths:3 | Found a runed translucent gate.
 59142 | Depths:3 | Found a runed translucent gate.
 59142 | Depths:3 | Found a runed translucent gate.
 59142 | Depths:3 | Noticed BlueGoblin's ghost (adept SpMo)
 59190 | Depths:4 | Reached skill level 20 in Conjurations
 59402 | Depths:4 | Acquired Piruoxy's Almanac of Dislocated Evil Rites
 59567 | Depths:4 | Found a gate to the Realm of Zot.
 59848 | Depths:4 | Received a gift from Nemelex Xobeh
 59891 | Depths:4 | Reached XP level 27. HP: 197/209 MP: 30/40
 59938 | Depths:4 | Upgraded the game from 0.28-a0-691-gad6df49e81 to
                  | 0.28-a0-695-gff097466f2
 60865 | Shoals:4 | Bought a wand of digging (15) for 646 gold pieces
 60865 | Shoals:4 | Bought a wand of digging (15) for 646 gold pieces
 61150 | Orc:2    | Bought a potion of resistance for 160 gold pieces
 61150 | Orc:2    | Bought a potion of curing for 48 gold pieces
 61150 | Orc:2    | Bought a potion of curing for 48 gold pieces
 61150 | Orc:2    | Bought a potion of brilliance for 64 gold pieces
 61223 | Elf:1    | Bought a potion of curing for 45 gold pieces
 61223 | Elf:1    | Bought a potion of cancellation for 120 gold pieces
 61223 | Elf:1    | Bought a potion of flight for 45 gold pieces
 61223 | Elf:1    | Bought a potion of curing for 45 gold pieces
 61513 | Crypt:1  | Entered Level 1 of the Crypt
 61852 | Crypt:1  | Received a gift from Nemelex Xobeh
 62196 | Crypt:1  | Found an ancient bone altar of Kikubaaqudgha.
 62757 | Crypt:2  | Found a transporter.
 63051 | Crypt:3  | Entered Level 3 of the Crypt
 63051 | Crypt:3  | Received a gift from Nemelex Xobeh
 63243 | Crypt:2  | Found a basalt altar of Yredelemnul.
 63295 | Crypt:2  | Identified the +6 fustibalus of Greatest Utility {flame,
                  | rN+}
 63485 | Crypt:2  | Found a transporter.
 63532 | Crypt:2  | Noticed Vecvo's ghost (veteran GrFi)
 63558 | Crypt:2  | Killed Vecvo's ghost
 63926 | Crypt:3  | Received a gift from Nemelex Xobeh
 63993 | Crypt:3  | Identified the +3 leather armour of Forking Paths {*Slow
                  | Fly Str+5}
 64195 | Crypt:3  | Noticed Xtahua
 64264 | Crypt:3  | Killed Xtahua
 64660 | Crypt:3  | Found a staircase to the Tomb.
 64785 | Crypt:3  | Identified the ring "Ozoaplan" {rF+ rC+ Int+4 SInv Stlth-}
 64852 | Crypt:3  | Received a gift from Nemelex Xobeh
 64901 | Crypt:3  | Reached skill level 21 in Conjurations
 65545 | Crypt:3  | Identified the +9 plate armour of Distant Shores {Drain
                  | rElec Dex+4}
 65556 | Crypt:3  | Identified the +3 quarterstaff of the Illusory Artisans
                  | {venom, Int+5 Dex+2}
 65577 | Crypt:3  | Identified the ring "Jegibej" {Wiz Fly}
 66146 | Depths:3 | Killed BlueGoblin's ghost
 66296 | Zot:1    | Entered Level 1 of the Realm of Zot
 66732 | Zot:1    | Received a gift from Nemelex Xobeh
 67411 | Zot:1    | Received a gift from Nemelex Xobeh
 69967 | Zot:3    | Reached skill level 22 in Conjurations
 70383 | Zot:3    | Received a gift from Nemelex Xobeh
 70776 | Zot:4    | Found a large runed translucent door.
 70776 | Zot:4    | Found a large runed translucent door.
 70909 | Zot:4    | Noticed Ufemuhich's ghost (legendary MiBe)
 70956 | Zot:4    | Killed Ufemuhich's ghost
 70965 | Zot:4    | Identified the +0 ring mail of Vowual {Str+5 Slay+3}
 71335 | Zot:5    | Entered Level 5 of the Realm of Zot
 71500 | Zot:4    | Received a gift from Nemelex Xobeh
 72134 | Zot:5    | Received a gift from Nemelex Xobeh
 73200 | Zot:5    | Noticed an orb of fire
 73248 | Zot:5    | Noticed an orb of fire
 73370 | Zot:5    | Noticed an ancient lich
 73374 | Zot:5    | Killed an ancient lich
 73375 | Zot:5    | Gained mutation: You sometimes lose the ability to read
                  | scrolls when taking damage. [an orb of fire]
 73378 | Zot:5    | Gained mutation: You are frail. (-10% HP) [an orb of fire]
 73379 | Zot:5    | Killed an orb of fire
 73389 | Zot:5    | Noticed a dread lich
 73404 | Zot:5    | Killed a dread lich
 73447 | Zot:5    | Lost mutation: Your muscles are strong. (Str +2) [potion of
                  | mutation]
 73447 | Zot:5    | Lost mutation: You can exhale a cloud of poison. [potion of
                  | mutation]
 73447 | Zot:5    | Gained mutation: Your body sometimes deteriorates upon
                  | taking damage. [potion of mutation]
 73447 | Zot:5    | Gained mutation: You are strong-willed. (Will+) [potion of
                  | mutation]
 73448 | Zot:5    | Lost mutation: You are frail. (-10% HP) [potion of
                  | mutation]
 73448 | Zot:5    | Lost mutation: Your body sometimes deteriorates upon taking
                  | damage. [potion of mutation]
 73448 | Zot:5    | Gained mutation: You can exhale a cloud of poison. [potion
                  | of mutation]
 73449 | Zot:5    | Lost mutation: You can exhale a cloud of poison. [potion of
                  | mutation]
 73449 | Zot:5    | Lost mutation: You are strong-willed. (Will+) [potion of
                  | mutation]
 73449 | Zot:5    | Gained mutation: You are clumsy. (Dex -2) [potion of
                  | mutation]
 73449 | Zot:5    | Gained mutation: You possess an exceptional clarity of
                  | mind. [potion of mutation]
 73449 | Zot:5    | Gained mutation: You are dopey. (Int -2) [potion of
                  | mutation]
 73449 | Zot:5    | Gained mutation: You have a pair of small antennae on your
                  | head. [potion of mutation]
 73450 | Zot:5    | Lost mutation: You possess an exceptional clarity of mind.
                  | [potion of mutation]
 73450 | Zot:5    | Lost mutation: You are clumsy. (Dex -2) [potion of
                  | mutation]
 73450 | Zot:5    | Lost mutation: You sometimes lose the ability to read
                  | scrolls when taking damage. [potion of mutation]
 73450 | Zot:5    | Gained mutation: Your tail ends in a poisonous barb.
                  | [potion of mutation]
 73450 | Zot:5    | Lost mutation: Your tail ends in a poisonous barb. [potion
                  | of mutation]
 73450 | Zot:5    | Gained mutation: Your flesh is cold resistant. (rC+)
                  | [potion of mutation]
 73532 | Zot:5    | Gained mutation: Your body sometimes deteriorates upon
                  | taking damage. [an orb of fire]
 73536 | Zot:5    | Killed an orb of fire
 73635 | Zot:5    | Noticed a dread lich
 73636 | Zot:5    | Noticed an orb of fire
 73639 | Zot:5    | Killed a dread lich
 73641 | Zot:5    | Noticed an ancient lich
 73642 | Zot:5    | Killed an orb of fire
 73643 | Zot:5    | Noticed an orb of fire
 73643 | Zot:5    | Noticed a dread lich
 73645 | Zot:5    | Noticed a dread lich
 73646 | Zot:5    | Killed an ancient lich
 73650 | Zot:5    | Noticed a dread lich
 73651 | Zot:5    | Killed an orb of fire
 73652 | Zot:5    | Killed a dread lich
 73652 | Zot:5    | Killed a dread lich
 73655 | Zot:5    | Reached skill level 23 in Conjurations
 73657 | Zot:5    | Killed a dread lich
 73658 | Zot:5    | Reached skill level 15 in Armour
 74309 | Zot:5    | Got the Orb of Zot
 74348 | Zot:5    | Noticed Kosy the pandemonium lord
 74463 | Zot:1    | Noticed Cuwas the pandemonium lord
 74504 | Depths:4 | Identified the +0 hand axe of Melee {vamp, rPois}
 74531 | Depths:3 | Lost mutation: You are dopey. (Int -2) [potion of mutation]
 74531 | Depths:3 | Lost mutation: You have a pair of small antennae on your
                  | head. [potion of mutation]
 74531 | Depths:3 | Gained mutation: You have a pair of small horns on your
                  | head. [potion of mutation]
 74531 | Depths:3 | Gained mutation: Your tail ends in a poisonous barb.
                  | [potion of mutation]
 74557 | Depths:3 | Gained mutation: Your spells are a little easier to cast,
                  | but a little less powerful. [a cacodemon]
 74871 | D:3      | Noticed Natasha
 74875 | D:3      | Killed Natasha
 74956 | D:1      | Lost mutation: Your tail ends in a poisonous barb. [potion
                  | of mutation]
 74956 | D:1      | Lost mutation: Your body sometimes deteriorates upon taking
                  | damage. [potion of mutation]
 74956 | D:1      | Lost mutation: Your magical capacity is low. (-10% MP)
                  | [potion of mutation]
 74956 | D:1      | Gained mutation: Your magical capacity is low. (-10% MP)
                  | [potion of mutation]
 74956 | D:1      | Gained mutation: Your mind is acute. (Int +2) [potion of
                  | mutation]
 74958 | D:$      | Escaped with the Orb!

Illustrated notes

Levels and vault maps discovered:
D:1:      wheals_arrival_linesprint, layout_basic,
          hellmonk_ecumenical_altar_run_dry, minmay_crystal_water
D:2:      layout_basic, kennysheep_generic_room_8, uniq_sigmund
D:3:      layout_loops_ring, uniq_jessica, uniq_natasha, uniq_grinder
D:4:      layout_basic, temple_statues, hangedman_decor_clover_reticule,
          minmay_joined_circles, uniq_pikel
D:5:      layout_basic, lemuel_tele_altar, kennysheep_generic_room_16
D:6:      lemuel_castle_with_subvaults [lemuel_castle_interior_carwin_3],
          layout_loops_ring, gammafunk_ghost_gnarly_gnolls, grunt_ministairs_11,
          uniq_maggie
D:7:      layout_basic, minmay_overflow_temple_star_hex, tgw_xom,
          minmay_misc_feat_chi, nrook_mini_vaults
D:8:      layout_basic, grunt_gozag_statues, lair_entry_dummy
D:9:      layout_basic, yredelemnul_altar_generic, lightli_minifort
D:10:     layout_irregular_city, marbit_many_paths, orc_0_dummy,
          hellmonk_guarded_unrand_seven_league_boots
D:11:     layout_basic, serial_curves, eino_curves_01, eino_curves_04,
          portal_ice_cave_entry_pillars_1,
          nicolae_hepliaklqana_monster_ancestors
D:12:     layout_roguey, gauntlet_entry_generic, hangedman_decor_lopped,
          nicolae_tso_swordbearing_angel, uniq_nessos
D:13:     layout_basic, grunt_decor_junction
D:14:     layout_stronghold, hangedman_vaults_entry_quadrant_bands
D:15:     hangedman_depths_entry_civil_slaughter, layout_basic, enter_trove_1,
          kb_rosetta, uniq_louise, uniq_jorgrun
Temple:   minmay_temple_forest_path
Lair:1:   layout_hall_layers, serial_bayou_pond_c,
          hangedman_lair_unloving_vines, kennysheep_snail_temple
Lair:2:   layout_chaotic_city, spider_nest_entry_webs,
          chequers_serial_rivers_micro_d, st_stairs_3,
          infiniplex_staircase_pool, serial_bayou_shore_b
Lair:3:   layout_regular_city
Lair:4:   layout_hall_layers, minmay_shoals_entry_centaurs, st_stairs_13,
          grunt_megastairs_5, uniq_kirke, uniq_sonja
Lair:5:   layout_layer_cave, uniq_snorg
Lair:6:   minmay_lair_end_enchanted_forest, layout_loops_ring, slime_altar_1,
          lemuel_fruit_tree, serial_bayou_shore_b, serial_bayou_shore_a
Shoals:1: layout_shoals, lemuel_oklob_altar
Shoals:2: layout_shoals, uniq_polyphemus
Shoals:3: layout_shoals, uniq_mlioglotl, uniq_ilsuiw
Shoals:4: shoals_end_grunt_garden, layout_shoals, serial_shops, shop_statue,
          nicolae_shop_overcharged_wands
Spider:1: layout_spider_delve, nicolae_spider_scorpion_nest
Spider:2: layout_spider_delve, ebering_ghost_disaster_area
Spider:3: layout_spider_delve, gammafunk_ghost_cemetery, drop_trap,
          nicolae_spider_swamp_cousins, uniq_mara
Spider:4: johnstein_spider_rune_arachne_lair, uniq_roxanne
Orc:1:    emtedronai_trogs_sanctum, layout_diamond_mine
Orc:2:    grunt_orc_tribal_feast, layout_diamond_mine, enter_volcano_1,
          serial_shops, nicolae_square_shop, uniq_azrael
Elf:1:    minmay_elf_arrival_circle, layout_gridlike, serial_shops,
          nicolae_square_shop, minmay_elf_necromancy, lemuel_upstairs_altar
Elf:2:    elven_hall_of_blades_hangedman_original [mumra_blade_entry_dagger],
          layout_geoelf_grid, gammafunk_ghost_fury_of_okawaru,
          serial_sigils_hangedman_clutch, st_stairs_11
Elf:3:    elf_hall, layout_gridlike, serial_shops, nicolae_square_shop
Vaults:1: hangedman_vaults_river_flow, nicolae_vaults_little_squares_5,
          nicolae_vaults_network_square, nicolae_vaults_mini_display_case,
          vaults_room_hallway, nicolae_vaults_ring_of_whatevers,
          ontoclasm_vaults_gateway, vaults_dpeg_hooks,
          nicolae_vaults_sealed_display, vaults_room_mumra_shop_pool,
          vaults_mumra_lcd, nicolae_vaults_stairing_the_circle, v_misc_22,
          v_misc_15, vaults_room_corners, layout_vaults_big_cross
Vaults:2: advil_vaults_ghost_guards, nicolae_vaults_three_branches,
          nicolae_vaults_big_angled_halls, ontoclasm_vaults_claustrophobia,
          v_misc_4, nicolae_vaults_ring_of_whatevers,
          nicolae_vaults_diagonal_hallway_9, v_pattern_4, v_misc_22,
          hangedman_vaults_hat, nicolae_vaults_little_squares_6,
          hangedman_vaults_corner, layout_vaults_omnibox, dummy_crypt_entry
Vaults:3: v_misc_33, v_misc_5, nicolae_vaults_little_squares_3, v_misc_8,
          hangedman_vaults_snaps, vaults_room_corners,
          nicolae_vaults_twisting_passages, vaults_mumra_hexcomb,
          nicolae_vaults_asterisk, layout_vaults_omnigrid, uniq_mennas
Vaults:4: vaults_dpeg_ring, grunt_vaults_funnel, v_misc_30,
          nicolae_vaults_ring_of_whatevers, v_misc_26, hangedman_vaults_cutoff,
          v_misc_32, nicolae_vaults_little_squares_4, v_misc_11,
          layout_vaults_chaotic_city
Vaults:5
Crypt:1:  layout_chaotic_city, basic_altar, roderic_lattice_octagonal_star
Crypt:2:  gammafunk_crypt_yreds_forest, layout_rooms, gammafunk_ghost_arena
Crypt:3:  due_elkab, layout_chaotic_city, uniq_xtahua
Depths:1: layout_honeycomb, pf_dread_powers_of_hell, nicolae_ashenzari_skybound,
          abyss_entry_flame_altar, onia_ninara_cookie
Depths:2: nooodl_heptagram, layout_gridville, glass_columns_b, pan_entry,
          hell_entry, infiniplex_staircase_pool_2
Depths:3: nooodl_glass_maze, layout_basic, enter_ziggurat_b, led_sif_pool,
          abyss_entry, hell_entry, biasface_ghost_demon_polymorph,
          minmay_staircase_windowed_large, minmay_shoptagon, uniq_jory
Depths:4: grunt_twist_and_shout, layout_gridville, grunt_hell_entry_dis_old,
          nicolae_abyss_entry_one_way_or_another, minmay_misc_feat_x
Hell
Zot:1:    layout_concentric_octagons, grunt_megastairs_2
Zot:2:    lemuel_halls_of_wrath, layout_onion
Zot:3:    layout_basic, grunt_megastairs_1
Zot:4:    layout_twisted_circle, ebering_ghost_disaster_area,
          kennysheep_underground_church
Zot:5:    layout_gridlike

Skill      XL: |  1  2  3  4  5  6  7  8  9 10 11 12 13 14 15 16 17 18 19 20 21 22 23 24 25 26 27 |
---------------+----------------------------------------------------------------------------------+-----
Conjurations   | 2 3 4 5 6 8 9 10 11 12 13 14 15 16 17 18 19 20 23 | 23.2
Stealth        | 4 5 7 8 9 10 11 12 13 14 15 16 18 19 22 | 22.0
Shields        | 1 2 3 4 5 6 8 10 11 12 13 14 15 | 15.0
Fire Magic     | 4 5 6 7 9 10 11 12 13 14 15 16 17 18 19 22 | 22.9
Spellcasting   | 3 4 5 6 7 9 10 11 12 13 14 15 16 17 18 21 | 21.3
Evocations     | 1 2 3 4 7 8 |  8.0
Invocations    | 2 4 5 6 7 8 10 11 | 11.0
Fighting       | 2 3 4 5 6 |  6.0
Dodging        | 2 3 5 7 8 10 | 10.0
Armour         | 1 2 3 4 6 7 9 10 15 | 15.1
Poison Magic   | 5 11 | 11.0
Maces & Flails | 2 4 5 7 8 |  8.0
Crossbows      | 2 3 |  3.0
Translocations | 1 4 5 |  5.0
Transmutations | 3 |  3.0
Earth Magic    | 3 4 5 |  5.0

Action                   |  1- 3 |  4- 6 |  7- 9 | 10-12 | 13-15 | 16-18 | 19-21 | 22-24 | 25-27 || total
-------------------------+-------+-------+-------+-------+-------+-------+-------+-------+-------++-------
Melee: Unarmed           |    13 |       |       |       |       |       |       |       |       ||    13
       Dagger            |    13 |    14 |    11 |       |       |       |       |       |       ||    38
       Trident           |       |       |       |    26 |       |       |       |       |       ||    26
       Staff             |       |       |       |       |    46 |       |       |       |       ||    46
       Constrict         |       |       |       |       |    38 |    90 |   155 |   136 |   181 ||   600
       Flail             |       |       |       |       |   149 |   370 |   858 |   887 |  1432 ||  3696
 Fire: Hand crossbow     |       |       |       |       |    33 |       |       |       |       ||    33
Throw: Dart              |       |       |       |       |       |    14 |       |       |       ||    14
 Cast: Foxfire           |    32 |    39 |   133 |   259 |   219 |   129 |    25 |     4 |       ||   840
       Scorch            |       |     7 |    68 |   178 |   238 |   211 |    88 |    37 |    47 ||   874
       Flame Wave        |       |       |     1 |    42 |    55 |    42 |    64 |    66 |    25 ||   295
       Olgreb's Toxic Ra |       |       |       |     2 |   151 |   288 |   118 |    73 |    24 ||   656
       Starburst         |       |       |       |       |       |    17 |    69 |   114 |   309 ||   509
       Passwall          |       |       |       |       |       |     1 |     3 |     2 |    34 ||    40
       Orb of Destructio |       |       |       |       |       |       |       |    70 |    95 ||   165
       Blink             |       |       |       |       |       |       |       |     1 |     8 ||     9
       Fireball          |       |       |       |       |       |       |       |    42 |   214 ||   256
       Fire Storm        |       |       |       |       |       |       |       |       |    23 ||    23
Invok: Draw Destruction  |       |       |     1 |     4 |    28 |    30 |     7 |    11 |     5 ||    86
       Draw Summoning    |       |       |     1 |     2 |    14 |    14 |     7 |     5 |    14 ||    57
       Draw Escape       |       |       |       |     1 |     1 |     7 |     2 |     4 |     7 ||    22
       Deal Four         |       |       |       |       |       |     4 |     3 |     1 |     9 ||    17
       Stack Five        |       |       |       |       |       |     1 |       |       |       ||     1
       Draw Stack        |       |       |       |       |       |       |       |       |     1 ||     1
 Abil: Spit Poison       |     2 |       |       |       |       |       |       |       |       ||     2
       Breathe Poison Ga |     1 |     3 |    11 |     7 |     7 |     9 |     2 |       |     1 ||    41
Evoke: Wand              |       |       |     4 |     3 |    20 |    72 |    12 |    38 |   116 ||   265
       Condenser vane    |       |       |       |       |     1 |     4 |     4 |     2 |     3 ||    14
       Box of beasts     |       |       |       |       |       |     1 |     3 |     1 |     5 ||    10
       Phantom mirror    |       |       |       |       |       |     1 |     1 |     1 |     2 ||     5
       Lightning rod     |       |       |       |       |       |       |     2 |    10 |     2 ||    14
       Tin of tremorston |       |       |       |       |       |       |       |     2 |     2 ||     4
  Use: Scroll            |     3 |     3 |     3 |     9 |    27 |     6 |     7 |     4 |    18 ||    80
       Potion            |     1 |       |       |     1 |     4 |     4 |       |     4 |    35 ||    49
 Stab: Distracted        |       |       |       |       |     1 |    10 |     5 |     4 |     6 ||    26
       Sleeping          |       |       |       |       |     1 |     2 |    39 |    20 |    16 ||    78
       Invisible         |       |       |       |       |       |     3 |       |       |       ||     3
       Petrified         |       |       |       |       |       |       |     2 |       |       ||     2
       Confused          |       |       |       |       |       |       |     1 |       |       ||     1
Armor: Robe              |     5 |     2 |     9 |     8 |    82 |     1 |       |       |       ||   107
       Steam dragon scal |       |       |       |    14 |    42 |       |       |       |       ||    56
       Scale mail        |       |       |       |       |       |   323 |   347 |   184 |       ||   854
       Quicksilver drago |       |       |       |       |       |       |       |   303 |    41 ||   344
       Pearl dragon scal |       |       |       |       |       |       |       |       |   818 ||   818
Dodge: Dodged            |    21 |    19 |    26 |    60 |   120 |   118 |   175 |   262 |   389 ||  1190
Block: Buckler           |       |       |     9 |    25 |    30 |       |       |       |       ||    64
       Tower shield      |       |       |       |       |   235 |   759 |  1178 |  1396 |  2024 ||  5592

Table legend: (Time is in decaauts)
 A = Elapsed time spent in this place.
 B = Non-inter-level travel time spent in this place.
 C = Inter-level travel time spent in this place.
 D = Time resting spent in this place.
 E = Time spent auto-exploring this place.
 F = Levels seen in this place.
 G = Mean time per level.
                   A        B        C        D        E       F      G
               +--------+--------+--------+--------+--------+-----+--------+
         Total |  94715 |  88015 |   6700 |  13632 |  30045 |  68 | 1392.9 |
       Dungeon |  22899 |  20826 |   2073 |   3157 |   9055 |  15 | 1526.6 |
        Temple |    604 |    525 |     79 |      0 |    498 |   1 |  604.0 |
          Lair |  11063 |   9722 |   1341 |   1727 |   4625 |   6 | 1843.8 |
        Shoals |   8005 |   7289 |    716 |    837 |   3198 |   4 | 2001.2 |
   Spider Nest |   6338 |   6026 |    312 |    795 |   1407 |   4 | 1584.5 |
  Orcish Mines |   3614 |   2748 |    866 |    182 |   1164 |   2 | 1807.0 |
   Elven Halls |   5316 |   5033 |    283 |    685 |    598 |   3 | 1772.0 |
        Vaults |   9829 |   9309 |    520 |    667 |   3231 |   5 | 1965.8 |
         Crypt |   5235 |   5106 |    129 |    958 |   1427 |   3 | 1745.0 |
        Depths |   7454 |   7090 |    364 |   1273 |   2389 |   4 | 1863.5 |
          Hell |    917 |    907 |     10 |     62 |    209 |   1 |  917.0 |
           Zot |   9736 |   9736 |      0 |   2533 |   1981 |   5 | 1947.2 |
      Ziggurat |    863 |    863 |      0 |    148 |      0 |  11 |   78.5 |
         Trove |     84 |     84 |      0 |      0 |      0 |   1 |   84.0 |
      Ice Cave |   1287 |   1287 |      0 |    490 |    158 |   1 | 1287.0 |
       Volcano |    530 |    530 |      0 |    117 |      0 |   1 |  530.0 |
      Gauntlet |    936 |    936 |      0 |      0 |     99 |   1 |  936.0 |
               +--------+--------+--------+--------+--------+-----+--------+

Top non-repeatable levels by time:
   Zot:5: 2431 daAuts
Spider:4: 2420 daAuts
Vaults:5: 2351 daAuts
   Zot:4: 2326 daAuts
   Elf:3: 2324 daAuts
    D:15: 2286 daAuts
     D:6: 2281 daAuts
 Crypt:3: 2268 daAuts
  Lair:4: 2155 daAuts
   Orc:2: 2134 daAuts
Shoals:1: 2109 daAuts
Depths:1: 2059 daAuts
  Lair:3: 2056 daAuts
Vaults:4: 2055 daAuts
Vaults:3: 2046 daAuts
